 Dungeon Crawl Stone Soup version 0.31-a0-152-g6aa68a64a1 (webtiles) character file.

Game seed: 196920530491613276

6111 qw the Skirmisher (level 10, -10/91 HPs)
             Began as a Minotaur Hunter on June 10, 2023.
             Was a Priest of Okawaru.
             Mangled by Harold
             ... wielding a +2 heavy halberd
              (34 damage)
             ... on level 9 of the Dungeon.
             The game lasted 00:03:22 (8779 turns).

qw the Skirmisher (Minotaur Hunter)                 Turns: 8779, Time: 00:03:22

Health: -10/91     AC:  7    Str: 16    XL:     10   Next: 58%
Magic:  10/12      EV: 21    Int:  6    God:    Okawaru [***...]
Gold:   347        SH:  0    Dex: 20    Spells: 9/9 levels left

rFire   + . .        t - +4 shortbow (heavy)
rCold   + . .        (shield currently unavailable)
rNeg    + . .        o - +2 robe {rC+ rF+}
rPois   .            (helmet restricted)
rElec   .            j - +0 cloak
rCorr   .            d - +0 pair of gloves
SInv    .            (no boots)
Will    .....        (no amulet)
Stlth   +++          m - ring of Satisfaction {rN+ Dex+2}
HPRegen 0.35/turn    (no ring)
MPRegen 0.13/turn

%: no passive effects
@: heroic, marked
A: horns 2, retaliatory headbutt
a: Renounce Religion, Heroism


You were on level 9 of the Dungeon.
You worshipped Okawaru.
Okawaru was most pleased with you.
You visited 2 branches of the dungeon, and saw 10 of its levels.

You collected 497 gold pieces.
You spent 150 gold pieces at shops.


Innate Abilities, Weirdness & Mutations

You have a pair of horns on your head.
You reflexively headbutt those who attack you in melee.


   Skills:
 - Level 9.6(14.6) Fighting
 + Level 13.4(18.4) Ranged Weapons
 - Level 2.0(7.0) Armour
 - Level 7.2(12.2) Dodging
 - Level 0.7(5.7) Stealth
 - Level 4.0 Invocations


You had 9 spell levels left.
You didn't know any spells.
Your spell library was empty.

Inventory:

Hand Weapons
 t - a +4 heavy shortbow (weapon)
Armour
 d - a +0 pair of gloves (worn)
 e - the +2 leather armour of Quantum Leap {+Inv Int+4}
   (You found it on level 3 of the Dungeon)

   Int:       It affects your intelligence (+4).
   +Inv:      It lets you turn invisible.
 j - a +0 cloak (worn)
 o - a +2 robe of resistance (worn)
Jewellery
 m - the ring of Satisfaction (left hand) {rN+ Dex+2}
   (You found it on level 6 of the Dungeon)

   [ring of positive energy]

   Dex:       It affects your dexterity (+2).
   rN:        It protects you from negative energy.
Wands
 p - a wand of digging (5)
Scrolls
 c - 2 scrolls of teleportation
 g - a scroll of brand weapon
 h - a scroll of identify
Potions
 b - a potion of mutation {unknown}
 f - 2 potions of might
 k - 2 potions of heal wounds
 l - 2 potions of resistance
 q - a potion of magic
 s - a potion of berserk rage {unknown}

Dungeon Overview and Level Annotations

Branches:
Dungeon (9/15)             Temple (1/1) D:4
   Lair: D:8-11         Orc: D:9-12

Altars:
Ashenzari
Cheibriados
Dithmenos
Elyvilon
Gozag
Hepliaklqana
Kikubaaqudgha
Makhleb
Nemelex Xobeh
Okawaru
Sif Muna
Uskayaw
Vehumet
Wu Jian
Xom
Yredelemnul
Zin
The Shining One

Shops:
D:7 (

Annotations:
D:9 Harold


Message History

You easily resist.
The yak completely misses you. Harold misses you.
You shoot an arrow. The arrow hits the yak!!!
You kill the yak!
Okawaru accepts your kill.
The orc wizard hits you but does no damage.
You shoot an arrow.
The arrow hits the orc wizard but does no damage.
The orc wizard is heavily wounded.
Harold gestures at you while chanting. A sentinel's mark forms upon you.
The orc wizard misses you.
You shoot an arrow. The arrow hits the orc wizard!
You kill the orc wizard!
Okawaru accepts your kill. Harold completely misses you.
You shoot an arrow. The arrow hits Harold.
Harold is lightly wounded.
Harold throws a throwing net.
The throwing net misses you.
You shoot an arrow. The arrow hits Harold!!
Harold is moderately wounded.
Harold throws a throwing net.
The throwing net completely misses you.
You shoot an arrow.
The arrow hits Harold but does no damage.
Harold is moderately wounded.
You feel like a meek peon again.
Harold hits you from afar with a +2 heavy halberd!!
8776 ||| INVOKING Heroism.
You gain the combat prowess of a mighty hero.
Harold completely misses you.
You shoot an arrow. The arrow hits Harold!
Harold is heavily wounded.
An orc wizard comes into view. It is wielding a +0 dagger.
You shoot an arrow. The arrow hits Harold!!
Harold is almost dead.
Harold hits you from afar with a +2 heavy halberd!
You shoot an arrow. The arrow hits Harold.
Harold is almost dead.
Harold thinks, and says "Perhaps I'll take up model-building after I'm done here..."
Harold hits you from afar with a +2 heavy halberd!!
You die...

...#######.####### ##.#
#..### #.# #....# #.#
###.##.## #.# #.......##
... ..(.......#
#...........#..##
##...#...........####...
#.....#....(...)@.@%%.o.
..#.#....#...###....
..#......... ..
#..###.#.## ... ..#.# ##
#..#+# #<. ##


You could see Harold and an orc wizard.

Vanquished Creatures
  A two-headed ogre (D:8)
  Pikel (D:7)
  9 yaks
  Eustachio (D:4)
  4 vampire mosquitoes (D:7)
  A water moccasin (D:7)
  Duvessa (D:4)
  3 black bears
  3 orc warriors
  2 ice beasts (D:7)
  A centaur (D:8)
  2 lemures (D:7)
  A phantom (D:6)
  4 bullfrogs
  2 scorpions
  12 wights
  Dowan (D:4)
  2 howler monkeys (D:8)
  A jelly (D:7)
  2 hounds
  8 orc priests
  A sleepcap (D:5)
  Natasha (thrice) (D:2)
  An iguana (D:5)
  7 orc wizards
  Robin (D:4)
  10 adders
  3 gnolls (D:4)
  A shadow imp (D:8)
  2 white imps
  2 worms
  3 dart slugs
  27 orcs
  18 bats
  9 endoplasms
  6 giant cockroaches
  19 goblins
  11 hobgoblins
  3 quokkas
  8 ball pythons
  5 frilled lizards
  7 kobolds
  6 rats
215 creatures vanquished.

Notes
Turn   | Place    | Note
-------+----------+-------------------------------------------
     0 | D:1      | qw the Minotaur Hunter began the quest for the Orb.
     0 | D:1      | Reached XP level 1. HP: 18/18 MP: 0/0
     0 | D:1      | 0 ||| qw: Version: 0.2-a-122-gbc61b45
     0 | D:1      | 0 ||| qw: Game counter: 3651
     0 | D:1      | 0 ||| qw: Always use a shield: true
     0 | D:1      | 0 ||| qw: God list: Okawaru
     0 | D:1      | 0 ||| qw: Allow faded altars: false
     0 | D:1      | 0 ||| qw: Do Orc after D:15 true
     0 | D:1      | 0 ||| qw: Do second Lair branch before Depths: true
     0 | D:1      | 0 ||| qw: Lair rune preference: random
     0 | D:1      | 0 ||| qw: Plans: Normal
     0 | D:1      | 0 ||| PLANNING D:1-11
    89 | D:1      | 89 ||| UPGRADING to +0 pair of gloves.
    98 | D:1      | Reached XP level 2. HP: 25/25 MP: 1/1
   100 | D:1      | Reached skill level 5 in Ranged Weapons
   216 | D:1      | Reached skill level 3 in Fighting
   228 | D:1      | 228 ||| UPGRADING to +0 ring mail.
   238 | D:1      | 238 ||| DROPPING +0 leather armour.
   455 | D:1      | Reached skill level 1 in Armour
   497 | D:1      | Reached XP level 3. HP: 31/31 MP: 2/2
   729 | D:1      | 729 ||| READING scroll labelled JUADISTR MAIDI.
   730 | D:1      | 730 ||| READING 3 scrolls labelled YDAIDA COURCHU.
   731 | D:1      | 731 ||| READING scroll labelled QATSEUBROI.
   732 | D:1      | 732 ||| READING 2 scrolls labelled BYIRODUXIT.
   733 | D:1      | 733 ||| DROPPING scroll of butterflies.
   734 | D:1      | 734 ||| DROPPING 2 scrolls of magic mapping.
   735 | D:1      | 735 ||| DROPPING scroll of amnesia.
   909 | D:2      | 909 ||| READING scroll labelled FEGYEC BODWI.
  1019 | D:2      | Found a faded altar of an unknown god.
  1086 | D:2      | Reached XP level 4. HP: 38/38 MP: 3/3
  1165 | D:2      | Reached skill level 6 in Ranged Weapons
  1280 | D:2      | Noticed Natasha
  1284 | D:2      | Killed Natasha
  1285 | D:2      | Found a shimmering altar of Xom.
  1469 | D:2      | Noticed Natasha
  1472 | D:2      | Killed Natasha
  1473 | D:2      | Reached XP level 5. HP: 46/46 MP: 4/4
  1522 | D:2      | Noticed Natasha
  1523 | D:2      | Killed Natasha
  1556 | D:2      | 1556 ||| UPGRADING to +0 cloak.
  1561 | D:2      | 1561 ||| READING 3 scrolls labelled YCUTTOPETAPP.
  1562 | D:2      | 1562 ||| READING scroll labelled YJUECSAUSH.
  1563 | D:2      | 1563 ||| READING scroll labelled ZUOFRE ZODA.
  1566 | D:2      | 1566 ||| DRINKING 3 glowing emerald potions.
  1576 | D:2      | 1576 ||| READING 2 scrolls of identify.
  1576 | D:2      | 1576 ||| IDENTIFYING blue potion
  1577 | D:2      | 1577 ||| DROPPING 2 potions of ambrosia.
  1940 | D:3      | Reached skill level 7 in Ranged Weapons
  2033 | D:3      | Identified the +2 leather armour of Quantum Leap {+Inv
                  | Int+4}
  2209 | D:3      | Identified the +1 quarterstaff of Dyllil {drain, Stlth+}
  2552 | D:3      | 2552 ||| UPGRADING to +2 leather armour of Quantum Leap
                  | {+Inv Int+4}.
  2562 | D:3      | 2562 ||| DROPPING +0 ring mail.
  2563 | D:3      | 2563 ||| DRINKING 2 viscous amethyst potions.
  2564 | D:3      | 2564 ||| DRINKING 4 fuming amethyst potions.
  2565 | D:3      | 2565 ||| READING 2 scrolls of identify.
  2565 | D:3      | 2565 ||| IDENTIFYING glowing puce potion
  2566 | D:3      | 2566 ||| DROPPING potion of brilliance.
  2598 | D:4      | Noticed Duvessa
  2599 | D:4      | Noticed Dowan
  2607 | D:4      | Killed Duvessa
  2608 | D:4      | Reached XP level 6. HP: 29/52 MP: 5/5
  2612 | D:4      | HP: 11/52 [Dowan/+0 dagger (6)]
  2613 | D:4      | 2613 ||| DRINKING 3 potions of heal wounds.
  2619 | D:4      | Killed Dowan
  2620 | D:4      | Reached skill level 8 in Ranged Weapons
  2734 | D:4      | Found a shimmering blue altar of Sif Muna.
  2945 | D:4      | Noticed Robin
  2950 | D:4      | Reached skill level 3 in Dodging
  2953 | D:4      | Killed Robin
  3012 | D:4      | Found a staircase to the Ecumenical Temple.
  3013 | D:4      | 3013 ||| PLANNING TEMPLE
  3019 | Temple   | Entered the Ecumenical Temple
  3244 | Temple   | 3244 ||| PLANNING D:1-11
  3391 | D:4      | Noticed Eustachio
  3404 | D:4      | Killed Eustachio
  3405 | D:4      | Reached XP level 7. HP: 41/61 MP: 6/6
  3745 | D:4      | 3745 ||| READING 2 scrolls of identify.
  3745 | D:4      | 3745 ||| IDENTIFYING red potion
  3746 | D:4      | 3746 ||| DROPPING potion of lignification.
  3770 | D:5      | Entered Level 5 of the Dungeon
  3988 | D:5      | Reached skill level 9 in Ranged Weapons
  4606 | D:5      | 4606 ||| READING scroll labelled VIOROA VOQAIPT.
  4707 | D:5      | 4707 ||| READING scroll labelled RECSIAMEOCY.
  4708 | D:5      | 4708 ||| DRINKING 3 purple potions.
  4709 | D:5      | 4709 ||| READING 2 scrolls of identify.
  4709 | D:5      | 4709 ||| IDENTIFYING dark potion
  4710 | D:5      | 4710 ||| DROPPING potion of magic.
  4747 | D:6      | Reached skill level 6 in Fighting
  4842 | D:6      | Reached XP level 8. HP: 71/71 MP: 7/7
  5068 | D:6      | Found a shadowy altar of Dithmenos.
  5112 | D:6      | Identified the ring of Satisfaction {rN+ Dex+2}
  5121 | D:6      | Found a sparkling altar of Nemelex Xobeh.
  5155 | D:6      | Found an iron altar of Okawaru.
  5156 | D:6      | 5156 ||| PLANNING OKAWARU WORSHIP
  5156 | D:6      | 5156 ||| UPGRADING to ring of Satisfaction {rN+ Dex+2}.
  5157 | D:6      | 5157 ||| DRINKING 2 fizzy black potions.
  5158 | D:6      | 5158 ||| DROPPING potion of invisibility.
  5163 | D:6      | Became a worshipper of Warmaster Okawaru
  5163 | D:6      | 5163 ||| PLANNING D:1-11
  5705 | D:6      | 5705 ||| READING scroll labelled GOROBAACEIDGH.
  5860 | D:7      | Reached skill level 10 in Ranged Weapons
  6030 | D:7      | Found a broken altar of Ashenzari.
  6036 | D:7      | Reached * piety under Okawaru
  6041 | D:7      | 6041 ||| INVOKING Heroism.
  6044 | D:7      | Reached skill level 1 in Invocations
  6050 | D:7      | HP: 16/73 [vampire mosquito (7)]
  6051 | D:7      | 6051 ||| READING 2 scrolls of teleportation.
  6052 | D:7      | 6052 ||| DRINKING 2 potions of heal wounds.
  6053 | D:7      | 6053 ||| INVOKING Heroism.
  6217 | D:7      | Reached skill level 11 in Ranged Weapons
  6217 | D:7      | Reached XP level 9. HP: 72/79 MP: 8/10
  6290 | D:7      | 6290 ||| INVOKING Heroism.
  6294 | D:7      | Reached skill level 3 in Invocations
  6736 | D:7      | Noticed Pikel
  6737 | D:7      | 6737 ||| INVOKING Heroism.
  6747 | D:7      | Killed Pikel
  6793 | D:7      | Reached ** piety under Okawaru
  6794 | D:7      | Reached skill level 12 in Ranged Weapons
  6849 | D:7      | Found Onwur's Antique Weapon Shoppe.
  6854 | D:7      | 6854 ||| BUYING glowing shortbow (150 gold).
  6854 | D:7      | Bought a glowing shortbow for 150 gold pieces
  6854 | D:7      | 6854 ||| SWAPPING to +4 heavy shortbow.
  6855 | D:7      | 6855 ||| DROPPING +0 heavy shortbow.
  6966 | D:7      | 6966 ||| INVOKING Heroism.
  7063 | D:7      | 7063 ||| INVOKING Heroism.
  7202 | D:7      | 7202 ||| UPGRADING to +2 robe of resistance.
  7212 | D:7      | 7212 ||| READING scroll labelled XINOTE XUASAPH.
  7213 | D:7      | 7213 ||| READING scroll labelled WIUBLI KEUG.
  7214 | D:7      | 7214 ||| READING 2 scrolls of identify.
  7214 | D:7      | 7214 ||| IDENTIFYING viscous ruby potion
  7215 | D:7      | 7215 ||| DROPPING potion of attraction.
  7217 | D:7      | 7217 ||| Stepping ~*~*~tactically~*~*~ (cloud).
  7368 | D:8      | 7368 ||| INVOKING Heroism.
  7371 | D:8      | 7371 ||| Stepping ~*~*~tactically~*~*~ (outnumbered).
  7410 | D:8      | 7410 ||| INVOKING Heroism.
  7465 | D:8      | Reached skill level 6 in Dodging
  7565 | D:8      | 7565 ||| INVOKING Heroism.
  7567 | D:8      | Reached XP level 10. HP: 54/88 MP: 9/12
  7759 | D:8      | Reached skill level 13 in Ranged Weapons
  7936 | D:8      | 7936 ||| FLEEEEING.
  7937 | D:8      | 7937 ||| FLEEEEING.
  7938 | D:8      | 7938 ||| FLEEEEING.
  7939 | D:8      | 7939 ||| FLEEEEING.
  7940 | D:8      | 7940 ||| FLEEEEING.
  7942 | D:8      | 7942 ||| FLEEEEING.
  7943 | D:8      | 7943 ||| FLEEEEING.
  7944 | D:8      | 7944 ||| FLEEEEING.
  7945 | D:8      | 7945 ||| FLEEEEING.
  7946 | D:8      | 7946 ||| FLEEEEING.
  7951 | D:8      | 7951 ||| FLEEEEING.
  7953 | D:8      | 7953 ||| FLEEEEING.
  7954 | D:8      | 7954 ||| FLEEEEING.
  7955 | D:8      | 7955 ||| FLEEEEING.
  7956 | D:8      | 7956 ||| FLEEEEING.
  7957 | D:8      | 7957 ||| FLEEEEING.
  7958 | D:8      | 7958 ||| FLEEEEING.
  7959 | D:8      | 7959 ||| FLEEEEING.
  7960 | D:8      | 7960 ||| FLEEEEING.
  7961 | D:8      | 7961 ||| FLEEEEING.
  7962 | D:8      | 7962 ||| FLEEEEING.
  7963 | D:8      | 7963 ||| FLEEEEING.
  7964 | D:8      | 7964 ||| FLEEEEING.
  7965 | D:8      | 7965 ||| FLEEEEING.
  7976 | D:8      | 7976 ||| FLEEEEING.
  7977 | D:8      | 7977 ||| FLEEEEING.
  7978 | D:8      | 7978 ||| FLEEEEING.
  7979 | D:8      | 7979 ||| FLEEEEING.
  7980 | D:8      | 7980 ||| FLEEEEING.
  7981 | D:8      | 7981 ||| FLEEEEING.
  7982 | D:8      | 7982 ||| FLEEEEING.
  7983 | D:8      | 7983 ||| FLEEEEING.
  7985 | D:8      | 7985 ||| FLEEEEING.
  7987 | D:8      | 7987 ||| FLEEEEING.
  7988 | D:8      | 7988 ||| FLEEEEING.
  7989 | D:8      | 7989 ||| FLEEEEING.
  7990 | D:8      | 7990 ||| FLEEEEING.
  7991 | D:8      | 7991 ||| STAIRDANCE
  8042 | D:8      | 8042 ||| STAIRDANCE
  8184 | D:8      | 8184 ||| DRINKING potion of curing.
  8184 | D:8      | 8184 ||| (to cure confusion)
  8185 | D:8      | 8185 ||| Stepping ~*~*~tactically~*~*~ (outnumbered).
  8254 | D:8      | Noticed a two-headed ogre
  8255 | D:8      | 8255 ||| INVOKING Heroism.
  8265 | D:8      | Killed a two-headed ogre
  8266 | D:8      | Reached skill level 9 in Fighting
  8306 | D:8      | 8306 ||| INVOKING Heroism.
  8613 | D:9      | 8613 ||| Stepping ~*~*~tactically~*~*~ (outnumbered).
  8617 | D:9      | 8617 ||| Stepping ~*~*~tactically~*~*~ (outnumbered).
  8620 | D:9      | 8620 ||| FLEEEEING.
  8625 | D:9      | 8625 ||| FLEEEEING.
  8626 | D:9      | 8626 ||| FLEEEEING.
  8627 | D:9      | 8627 ||| FLEEEEING.
  8633 | D:9      | 8633 ||| FLEEEEING.
  8634 | D:9      | 8634 ||| FLEEEEING.
  8635 | D:9      | 8635 ||| FLEEEEING.
  8636 | D:9      | 8636 ||| STAIRDANCE
  8666 | D:9      | 8666 ||| STAIRDANCE
  8756 | D:9      | Reached *** piety under Okawaru
  8762 | D:9      | Noticed Harold
  8763 | D:9      | 8763 ||| INVOKING Heroism.
  8776 | D:9      | 8776 ||| INVOKING Heroism.
  8779 | D:9      | Mangled by Harold

Levels and vault maps discovered:
D:1:      minmay_arrival_solitary_statue, layout_loops_ring, serial_bayou_lake_a
D:2:      layout_loops_cross, basic_altar, ebering_ecumenical_altar_hall,
          kennysheep_decorative_pillar, minmay_joined_circles, uniq_natasha
D:3:      layout_basic
D:4:      layout_basic, mainiacjoe_overflow_brackets, minmay_temple_entry_trees,
          minmay_between, uniq_duvessa, uniq_robin, uniq_eustachio
D:5:      layout_layer_cave
D:6:      layout_loops_corners, grunt_dithmenos_shadows,
          mainiacjoe_overflow_two_lobes, roderic_batcave
D:7:      layout_loops_corners, cheibrodos_ashenzari_chains, serial_shops, shop,
          hangedman_decor_slide_cut, kennysheep_generic_room_10, uniq_pikel
D:8:      layout_cave_pods
D:9:      layout_basic, grunt_temple_overflow_forces_of_nature, uniq_harold
Temple:   compressed_dpeg_triangle_lava_temple

Skill      XL: |  1  2  3  4  5  6  7  8  9 10 |
---------------+-------------------------------+-----
Ranged Weapons | 5 6 7 8 9 11 12 13 | 13.4
Fighting       | 3 4 5 6 7 8 9 |  9.6
Armour         | 1 2 |  2.0
Dodging        | 3 4 6 7 |  7.2
Invocations    | 2 4 |  4.0
Stealth        | |  0.7

Action                     |  1- 3 |  4- 6 |  7- 9 | 10-12 || total
---------------------------+-------+-------+-------+-------++-------
   Fire: Shortbow          |   132 |   179 |   219 |    92 ||   622
 Invoke: Heroism           |       |       |     9 |     4 ||    13
    Use: Scroll            |     5 |     5 |     9 |       ||    19
         Potion            |       |     4 |     3 |     1 ||     8
 Armour: Leather armour    |     9 |    50 |    32 |       ||    91
         Ring mail         |    23 |    11 |       |       ||    34
         Robe              |       |       |     2 |     3 ||     5
  Dodge: Dodged            |    42 |    96 |    92 |    23 ||   253

Table legend:
 A = Non-vault XP
 B = Vault XP
 C = Vault XP percentage of total XP
 D = Non-vault monster count
 E = Vault monster count
 F = Vault count percentage of total count
                 A         B        C        D         E       F
            +---------+---------+-------+---------+---------+-------
      Total |    7437 |    1294 |  14.8 |     176 |      37 |  17.4
            +---------+---------+-------+---------+---------+-------
        D:1 |      46 |       0 |   0.0 |      28 |       0 |   0.0
        D:2 |     145 |      60 |  29.3 |      27 |      10 |  27.0
        D:3 |     116 |       0 |   0.0 |      19 |       0 |   0.0
        D:4 |     120 |     430 |  78.2 |      15 |      15 |  50.0
        D:5 |     332 |       0 |   0.0 |       8 |       0 |   0.0
        D:6 |     357 |     110 |  23.6 |       6 |      10 |  62.5
        D:7 |    2171 |     694 |  24.2 |      31 |       2 |   6.1
        D:8 |    3004 |       0 |   0.0 |      33 |       0 |   0.0
        D:9 |    1146 |       0 |   0.0 |       9 |       0 |   0.0
            +---------+---------+-------+---------+---------+-------
